 Dungeon Crawl Stone Soup version 0.25-a0-729-g14964f1db5 (webtiles) character file.

Game seed: 7305364067408605202, levelgen mode: deterministic

6112 Valiandir the Geomancer (level 10, -6/96 HPs)
             Began as a Gargoyle Earth Elementalist on Apr 7, 2020.
             Was a Priest of Vehumet.
             Mangled by a vampire (8 damage)
             ... on level 9 of the Dungeon.
             The game lasted 00:22:26 (7500 turns).

Valiandir the Geomancer (GrEE)                      Turns: 7500, Time: 00:22:27

Health: -6/96      AC: 23    Str: 12    XL:     10   Next: 89%
Magic:  13/20      EV: 14    Int: 19    God:    Vehumet [***...]
Gold:   328        SH:  0    Dex: 13    Spells: 14/23 levels left

rFire    . . .     SeeInvis .   j - +1 mace (protect)
rCold    . . .     Gourm    .   (no shield)
rNeg     + . .     Faith    .   c - +0 robe
rPois    ∞         Spirit   .   p - +0 helmet
rElec    +         Reflect  .   i - +2 cloak {rPois}
rCorr    .         Harm     .   (no gloves)
MR       +....                  (no boots)
Stlth    ..........             (no amulet)
HPRegen  0.26/turn              m - +2 ring of protection
MPRegen  0.17/turn              w - +3 ring of dexterity

@: berserking, protection aura, studying Dodging, very quick
A: magic resistance 1, negative energy resistance 1, robust 1, electricity
resistance, unbreathing, evolution 1, petrification resistance, rot immunity,
sturdy frame 1, AC +7
a: Renounce Religion


You were on level 9 of the Dungeon.
You worshipped Vehumet.
Vehumet was most pleased with you.
You were very hungry.

You visited 2 branches of the dungeon, and saw 10 of its levels.

You collected 573 gold pieces.
You spent 245 gold pieces at shops.

Inventory:

Hand Weapons
 j - a +1 mace of protection (weapon)
 A - a +0 morningstar
Armour
 c - a +0 robe (worn)
 i - a +2 cloak of poison resistance (worn)
 p - a +0 helmet (worn)
Jewellery
 l - an uncursed ring of fire
 m - a +2 ring of protection (left hand)
 w - a +3 ring of dexterity (right hand)
 y - a +4 ring of strength
Wands
 x - a wand of flame (21)
Scrolls
 a - 2 scrolls of fear
 e - 3 scrolls of enchant weapon
 h - 2 scrolls of identify
 k - 2 scrolls of amnesia
 o - a scroll of immolation
 t - 5 scrolls of teleportation
 v - a scroll of remove curse
Potions
 f - a potion of might
 g - a potion of ambrosia
 n - 3 potions of lignification
 r - 3 potions of stabbing
 s - a potion of brilliance
 u - 2 potions of berserk rage
 B - 2 potions of degeneration
Books
 C - a manual of Dodging
Comestibles
 d - 23 rations
 q - 5 chunks of flesh


   Skills:
 + Level 5.1 Fighting
 + Level 4.6 Maces & Flails
 + Level 5.2 Armour
 + Level 4.4 Dodging
 - Level 2.1 Stealth
 + Level 7.1 Spellcasting
 + Level 7.7 Conjurations
   Level 0.7 Transmutations
 + Level 9.6 Earth Magic
 + Level 0.7 Evocations


You had 14 spell levels left.
You knew the following spells:

 Your Spells              Type           Power        Failure   Level  Hunger
a - Sandblast             Erth           #####.       1%          1    None
b - Stone Arrow           Conj/Erth      #####.       1%          3    #......
c - Lee's Rapid Deconstr  Erth           #####.....   1%          5    #####..

Your spell library contained the following spells:

 Spells                   Type           Power        Failure   Level  Hunger
 Ignite Poison            Fire/Tmut/Pois #.......     7%          3    #......
 Passwall                 Tmut/Erth      ####....     1%          2    None
 Petrify                  Tmut/Erth      ####....     12%         4    ###....


Dungeon Overview and Level Annotations

Branches:
Dungeon (9/15)             Temple (1/1) D:4
   Lair: D:8-11         Orc: D:9-12

Altars:
Cheibriados
Dithmenos
Elyvilon
Fedhas
Kikubaaqudgha
Makhleb
Okawaru
Qazlal
Sif Muna
Trog
Uskayaw
Vehumet
Wu Jian
Xom
Yredelemnul
Zin
The Shining One
Beogh

Shops:
D:4 (   D:6 (?[=?

Annotations:
D:6 1 runed translucent door, tmanko2's ghost, novice DDFi


Innate Abilities, Weirdness & Mutations

You are resistant to torment.
Your stone body is resilient. (AC +7)
You are immune to poison.
You resist negative energy. (rN+)
You are resistant to electric shocks. (rElec)
You can survive without breathing.
You are immune to petrification.
You are immune to rotting.
You are resistant to hostile enchantments. (MR+)
You are robust. (+10% HP)
You evolve.
Your movements are slightly less encumbered by armour. (ER -2)


Message History

Press: ? - help, Shift-Dir - straight line You hear the faint creaking of a very distant portcullis.
Unholy energy fills the air.
* * * LOW HITPOINT WARNING * * *
A red film seems to cover your vision as you go berserk!
You feel yourself moving faster!
You feel mighty! Something hits you but does no damage. Something bites you.
* * * LOW HITPOINT WARNING * * *
You hit something.
Your weapon exudes an aura of protection.
Something hits you.
* * * LOW HITPOINT WARNING * * *
Something bites you but does no damage.
You hit something. You closely miss something.
Unholy energy fills the air.
* * * LOW HITPOINT WARNING * * *
You completely miss something. Something hits you but does no damage.
Something bites you but does no damage.
You miss something. Something hits you but does no damage. Something bites you!
You die...

###.P.# #...#
##.## #.# #
##.## #
...###...###...
.Po...._.....P)
...###)).###...
# ##@## # #{#
#)# #†.$# #...#
#...# ##.## ...
...


There were no monsters in sight!

Vanquished Creatures
  A two-headed ogre (D:7)
  An unseen horror (D:8)
  A manticore (D:8)
  Grinder (D:3)
  2 hippogriffs (D:8)
  A yak (D:7)
  3 hogs (D:7)
  Menkaure (D:4)
  A human (D:7)
  2 water moccasins
  2 orc warriors (D:8)
  2 sky beasts
  3 ogres
  2 centaurs
  3 big kobolds
  5 bullfrogs
  2 scorpions
  A howler monkey (D:8)
  A wight (D:9)
  3 crimson imps
  3 bullfrog zombies
  A jelly (D:5)
  3 hounds
  Crazy Yiuf (D:2)
  12 orc priests
  A bullfrog skeleton (D:6)
  A centaur skeleton (D:7)
  12 orc wizards
  2 iguanas
  6 worker ants
  3 gnolls (D:6)
  6 adders
  2 shadow imps
  3 oozes
  3 worms
  3 dart slugs
  5 leopard geckos
  57 orcs
  A ball python (D:3)
  3 giant cockroaches
  4 goblins
  5 hobgoblins
  2 jackals (D:5)
  2 quokkas
  7 bats
  3 frilled lizards
  14 kobolds
  4 rats
207 creatures vanquished.

Vanquished Creatures (others)
  A plant (D:9)
1 creature vanquished.

Grand Total: 208 creatures vanquished

Notes
Turn   | Place    | Note
-------+----------+-------------------------------------------
     0 | D:1      | Valiandir the Gargoyle Earth Elementalist began the quest
                  | for the Orb.
     0 | D:1      | Reached XP level 1. HP: 10/10 MP: 3/3
    37 | D:1      | Reached XP level 2. HP: 10/15 MP: 1/5
    39 | D:1      | Reached skill level 4 in Earth Magic
   764 | D:1      | Reached XP level 3. HP: 19/19 MP: 6/6
   769 | D:1      | Learned a level 3 spell: Stone Arrow
  1008 | D:2      | Gained mutation: Your magical capacity is low. (-10% MP)
                  | [potion of mutation]
  1008 | D:2      | Gained mutation: You are robust. (+10% HP) [potion of
                  | mutation]
  1008 | D:2      | Gained mutation: Your movements are slightly less
                  | encumbered by armour. (ER -2) [potion of mutation]
  1008 | D:2      | Gained mutation: You evolve. [potion of mutation]
  1249 | D:2      | Found a glowing golden altar of the Shining One.
  1303 | D:2      | Found a glowing silver altar of Zin.
  1324 | D:2      | Reached skill level 1 in Conjurations
  1781 | D:2      | Found a runed translucent door.
  1782 | D:2      | Noticed Crazy Yiuf
  1819 | D:2      | Killed Crazy Yiuf
  1819 | D:2      | Reached XP level 4. HP: 7/26 MP: 0/7
  2410 | D:3      | Reached skill level 5 in Earth Magic
  2410 | D:3      | Reached XP level 5. HP: 30/30 MP: 5/8
  2422 | D:3      | Learned a level 5 spell: Lee's Rapid Deconstruction
  2457 | D:3      | Gained mutation: You rapidly evolve. [evolution]
  2457 | D:3      | Lost mutation: You rapidly evolve. [decline of evolution]
  2465 | D:3      | Noticed Grinder
  2486 | D:3      | Killed Grinder
  2486 | D:3      | Reached XP level 6. HP: 20/35 MP: 0/10
  2992 | D:4      | Found a staircase to the Ecumenical Temple.
  3015 | D:4      | Reached skill level 6 in Earth Magic
  3035 | D:4      | Reached XP level 7. HP: 18/39 MP: 1/12
  3036 | D:4      | You fall into a shaft and drop 3 floors!
  3243 | D:7      | Found a burning altar of Makhleb.
  3469 | D:6      | Found Eshywox's Magic Scroll Emporium.
  3503 | D:6      | Bought a scroll of immolation for 49 gold pieces
  3678 | D:6      | Reached skill level 5 in Spellcasting
  3678 | D:6      | Reached skill level 7 in Earth Magic
  3691 | D:6      | Reached skill level 5 in Conjurations
  3691 | D:6      | Reached XP level 8. HP: 9/45 MP: 4/14
  3872 | D:6      | Found Buzoppon's Jewellery Boutique.
  3975 | D:6      | Found Baics's Antique Armour Emporium.
  3981 | D:6      | Found Pocses's Antique Weapon Shoppe.
  3991 | D:6      | Found a runed translucent door.
  3991 | D:6      | Noticed a cyan ugly thing
  3992 | D:6      | Noticed tmanko2's ghost (novice DDFi)
  4225 | D:5      | Entered Level 5 of the Dungeon
  4365 | Temple   | Entered the Ecumenical Temple
  4392 | Temple   | Became a worshipper of Vehumet
  4416 | D:4      | Reached skill level 1 in Armour
  4525 | D:4      | Reached skill level 1 in Fighting
  4525 | D:4      | Reached skill level 1 in Maces & Flails
  4714 | D:4      | Found a roughly hewn altar of Beogh.
  4900 | D:4      | Reached skill level 8 in Earth Magic
  4902 | D:4      | Reached * piety under Vehumet
  4902 | D:4      | Offered knowledge of Foxfire by Vehumet.
  4920 | D:4      | Noticed Menkaure
  4926 | D:4      | Killed Menkaure
  4926 | D:4      | Reached XP level 9. HP: 50/52 MP: 2/15
  4959 | D:4      | Found Syheghe's Weapon Shop.
  5585 | D:5      | Found a shimmering blue altar of Sif Muna.
  5763 | D:6      | Offered knowledge of Magic Dart by Vehumet.
  5795 | D:6      | Reached ** piety under Vehumet
  5849 | D:6      | Found Biumig's Magic Scroll Shop.
  5894 | D:6      | Bought a scroll of identify for 28 gold pieces
  5894 | D:6      | Bought a scroll of identify for 28 gold pieces
  5894 | D:6      | Bought a scroll of identify for 28 gold pieces
  5894 | D:6      | Bought a scroll of teleportation for 42 gold pieces
  5894 | D:6      | Bought a scroll of identify for 28 gold pieces
  5894 | D:6      | Bought a scroll of teleportation for 42 gold pieces
  6406 | D:7      | Noticed a two-headed ogre
  6415 | D:7      | Killed a two-headed ogre
  6415 | D:7      | Reached skill level 9 in Earth Magic
  6415 | D:7      | Reached XP level 10. HP: 54/61 MP: 8/17
  6706 | D:8      | Gained mutation: You are resistant to hostile enchantments.
                  | (MR+) [evolution]
  6760 | D:8      | Found a roughly hewn altar of Beogh.
  6766 | D:8      | Offered knowledge of Ignite Poison by Vehumet.
  6965 | D:8      | Noticed a manticore
  6966 | D:8      | Killed an unseen horror
  6984 | D:8      | Killed a manticore
  6988 | D:8      | Reached skill level 5 in Armour
  7133 | D:8      | Found a snail-covered altar of Cheibriados.
  7236 | D:8      | Lost mutation: Your magical capacity is low. (-10% MP)
                  | [evolution]
  7308 | D:8      | Reached *** piety under Vehumet
  7347 | D:8      | Reached skill level 5 in Fighting
  7425 | D:9      | Found a white marble altar of Elyvilon.
  7496 | D:9      | HP: 2/96 [something (3)]
  7500 | D:9      | Mangled by a vampire

Levels and vault maps discovered:
D:1:      minmay_arrival_semitransparent, layout_basic, moated_statue
D:2:      layout_basic, tso_metal_star, zin_academy, uniq_crazy_yiuf_cottage
D:3:      layout_basic, uniq_grinder
D:4:      cheibrodos_thug_alley, layout_cave_pools,
          minmay_temple_entry_sparse_star, serial_shops, shop_statue,
          chequers_arboretum, kennysheep_orc_chapel, uniq_menkaure
D:5:      layout_basic, kennysheep_mini_moat, first_ration
D:6:      layout_rooms, serial_shops, shop, shop, shop, shop, shop,
          ebering_ghost_inner_flame
D:7:      layout_rooms, lemuel_doored_altar, serial_glass, glass_columns_a,
          glass_columns_a, grunt_livestock
D:8:      layout_loops_ring, cheibriados_altar_1, special_room
          [special_room_orc], minmay_manual_maat
D:9:      layout_layer_cave, elyvilon_altar_1, grunt_gozag_statues,
          enter_bailey_3
Temple:   eino_wide_crystal_templ

Skill      XL: |  1  2  3  4  5  6  7  8  9 10 |
---------------+-------------------------------+-----
Earth Magic    | 4 5 6 7 8 9 |  9.6
Conjurations   | 1 2 3 5 7 |  7.7
Spellcasting   | 3 4 5 6 7 |  7.1
Armour         | 2 4 5 |  5.2
Fighting       | 1 4 5 |  5.1
Maces & Flails | 1 3 4 |  4.6
Dodging        | 2 3 4 |  4.4
Stealth        | |  2.1
Transmutations | |  0.7
Evocations     | |  0.7

Action                   |  1- 3 |  4- 6 |  7- 9 | 10-12 || total
-------------------------+-------+-------+-------+-------++-------
Melee: Spear             |    61 |       |       |       ||    61
       Short sword       |    12 |       |       |       ||    12
       Mace              |       |    65 |   211 |    98 ||   374
 Cast: Sandblast         |    31 |    24 |   129 |    41 ||   225
       Stone Arrow       |     2 |       |     4 |     2 ||     8
       Lee's Rapid Decon |       |       |     6 |     8 ||    14
  Use: Scroll            |     5 |     3 |    10 |     3 ||    21
       Potion            |     1 |       |     1 |     3 ||     5
 Stab: Sleeping          |       |       |     1 |     2 ||     3
  Eat: Chunk             |     2 |     1 |    14 |     5 ||    22
       Ration            |       |     1 |       |       ||     1
Armor: Robe              |    20 |    37 |   160 |    94 ||   311
Dodge: Dodged            |    48 |    50 |   260 |   111 ||   469

Table legend:
 A = Non-vault XP
 B = Vault XP
 C = Vault XP percentage of total XP
 D = Non-vault monster count
 E = Vault monster count
 F = Vault count percentage of total count
                 A         B        C        D         E       F
            +---------+---------+-------+---------+---------+-------
      Total |    4899 |    3833 |  43.9 |     157 |      50 |  24.2
            +---------+---------+-------+---------+---------+-------
        D:1 |      38 |       0 |   0.0 |      17 |       0 |   0.0
        D:2 |      43 |      41 |  48.8 |      10 |       1 |   9.1
        D:3 |      85 |     290 |  77.3 |      17 |       1 |   5.6
        D:4 |     494 |     480 |  49.3 |      20 |      16 |  44.4
        D:5 |     541 |       0 |   0.0 |      23 |       0 |   0.0
        D:6 |    1139 |       0 |   0.0 |      28 |       0 |   0.0
        D:7 |    1327 |     965 |  42.1 |      13 |       5 |  27.8
        D:8 |     811 |    2057 |  71.7 |      13 |      27 |  67.5
        D:9 |     421 |       0 |   0.0 |      16 |       0 |   0.0
            +---------+---------+-------+---------+---------+-------
